Map: Apotheosis LE

Players

DaDon - Winner!

  • Race: Protoss Protoss
  • League: Silver

Gracz

  • Race: Protoss Protoss
  • League: Silver

VOD

Have the link to the VOD?

Description

Time

  • Played on: Oct. 8, 2016, 11:55 a.m.
  • Length: 13:13
Show
View Real Time Build Order
Export as new Build Order

DaDon Protoss - Winner!

Build Orders:  

Get SALT Encoding   

  12  0:01  Probe (Chrono Boost)  
  13  0:11  Probe (Chrono Boost)  
  14  0:19  Pylon  
  14  0:25  Probe (Chrono Boost)  
  15  0:37  Probe (Chrono Boost)  
  15  0:39  Gateway  
  16  0:48  Probe (Chrono Boost)  
  17  0:51  Assimilator  
  17  0:58  Probe (Chrono Boost)  
  18  1:09  Probe (Chrono Boost)  
  19  1:15  Pylon  
  19  1:24  Assimilator  
  19  1:31  Cybernetics Core  
  19  1:43  Probe (Chrono Boost)  
  20  1:49  Gateway  
  20  1:53  Probe (Chrono Boost)  
  21  2:01  Warp Gate  
  21  2:15  Probe (Chrono Boost)  
  22  2:26  Pylon  
  22  2:27  Adept, Probe (Chrono Boost)  
  25  2:31  Nexus  
  25  2:42  Assimilator  
  25  2:53  Adept  
  27  3:09  Mothership Core (Chrono Boost)  
  29  3:16  Adept  
  31  3:24  Pylon  
  31  3:42  Adept, Probe (Chrono Boost)  
  34  3:50  Pylon  
  34  3:53  Pylon, Gateway, Probe (Chrono Boost)  
  35  3:56  Gateway  
  35  4:03  Probe (Chrono Boost), Twilight Council  
  36  4:10  Stargate  
  36  4:14  Probe (Chrono Boost)  
  36  4:16  Assimilator  
  37  4:29  Pylon  
  37  4:30  Probe (Chrono Boost)  
  37  4:31  Probe (Chrono Boost)  
  39  4:32  Pylon  
  39  4:37  Resonating Glaives  
  39  4:41  Probe x2 (Chrono Boost)  
  41  4:54  Oracle  
  41  4:58  Forge  
  44  5:11  Probe x2 (Chrono Boost)  
  46  5:23  Robotics Facility, Probe x2 (Chrono Boost)  
  48  5:30  Adept x2  
  48  5:35  Probe x2 (Chrono Boost)  
  54  5:59  Photon Cannon  
  54  6:02  Pylon, Photon Cannon  
  54  6:04  Pylon  
  54  6:36  Void Ray  
  58  6:54  Protoss Shields Level 1  
  58  6:58  Stalker  
  60  7:06  Assimilator  
  60  7:08  Probe x2 (Chrono Boost)  
  62  7:13  Void Ray  
  62  7:17  Stalker x3  
  62  7:20  Probe x2 (Chrono Boost)  
  71  7:32  Probe x2 (Chrono Boost)  
  73  7:50  Void Ray  
  73  7:55  Nexus  
  77  8:05  Pylon  
  77  8:07  Stargate  
  77  8:08  Stargate, Blink  
  77  8:10  Pylon  
  77  8:12  Pylon  
  77  8:19  Stargate  
  77  8:27  Void Ray  
  77  8:32  Stalker x2  
  77  8:33  Stalker x2  
  89  8:47  Probe (Chrono Boost)  
  89  8:48  Probe (Chrono Boost)  
  91  9:00  Probe x2 (Chrono Boost)  
  93  9:05  Void Ray x3  
  93  9:08  Assimilator  
  101  9:10  Assimilator  
  101  9:12  Probe x2 (Chrono Boost)  
  107  9:24  Probe x2 (Chrono Boost)  
  109  9:27  Zealot x4  
  117  9:32  Protoss Shields Level 2  
  117  9:36  Probe x2 (Chrono Boost)  
  119  9:48  Probe x2 (Chrono Boost)  
  119  9:49  Void Ray  
  121  9:54  Void Ray  
  121  9:55  Protoss Air Weapons Level 1  
  121  9:59  Void Ray  
  135  10:00  Probe x2 (Chrono Boost)  
  135  10:12  Observer  
  132  10:39  Pylon x2  
  128  11:13  Void Ray  
  132  11:24  Pylon  
  132  11:27  Pylon  
  132  11:31  Pylon  
  132  11:33  Charge  
  132  11:38  Zealot  
  134  11:41  Void Ray x2  
  142  11:53  Zealot x3  
  148  11:56  Void Ray  
  152  12:11  Fleet Beacon  
  152  12:24  Void Ray  
  156  12:38  Pylon  
  156  12:40  Pylon, Nexus  
  156  12:41  Pylon  
  156  12:42  Pylon  
  156  12:44  Pylon  
  156  12:54  Nexus  
Show
View Real Time Build Order
Export as new Build Order

Gracz Protoss 

Build Orders:  

Get SALT Encoding   

  12  0:01  Probe (Chrono Boost)  
  13  0:15  Pylon  
  13  0:18  Probe (Chrono Boost)  
  14  0:36  Gateway  
  14  0:42  Gateway  
  14  0:46  Probe (Chrono Boost)  
  16  0:57  Probe (Chrono Boost)  
  16  1:11  Pylon  
  16  1:14  Probe (Chrono Boost)  
  17  1:20  Gateway  
  17  1:25  Probe (Chrono Boost)  
  18  1:30  Assimilator  
  18  1:53  Zealot x2  
  22  2:17  Cybernetics Core  
  22  2:36  Nexus  
  22  2:46  Probe (Chrono Boost)  
  23  2:54  Warp Gate  
  23  2:57  Assimilator  
  24  2:58  Probe (Chrono Boost)  
  24  3:07  Gateway  
  24  3:17  Probe (Chrono Boost)  
  25  3:29  Probe (Chrono Boost)  
  26  3:47  Robotics Facility  
  26  3:52  Robotics Facility  
  26  3:56  Probe (Chrono Boost)  
  26  3:57  Probe (Chrono Boost)  
  28  4:07  Probe (Chrono Boost)  
  28  4:09  Probe (Chrono Boost)  
  30  4:16  Assimilator  
  30  4:17  Probe (Chrono Boost)  
  30  4:18  Assimilator  
  30  4:22  Probe (Chrono Boost)  
  32  4:28  Gateway, Probe (Chrono Boost)  
  33  4:34  Probe (Chrono Boost)  
  33  4:36  Pylon  
  34  4:38  Probe (Chrono Boost)  
  34  4:39  Pylon  
  35  4:52  Probe (Chrono Boost)  
  37  4:54  Probe (Chrono Boost)  
  37  5:03  Probe (Chrono Boost)  
  37  5:06  Robotics Bay, Probe (Chrono Boost)  
  39  5:16  Warp Prism  
  39  5:17  Observer  
  42  5:22  Pylon  
  42  5:27  Probe (Chrono Boost)  
  44  5:28  Probe (Chrono Boost)  
  44  5:33  Stalker  
  46  5:38  Probe (Chrono Boost)  
  46  5:41  Probe (Chrono Boost)  
  48  5:49  Mothership Core (Chrono Boost)  
  50  5:51  Stargate  
  50  5:52  Stargate  
  50  5:55  Stargate  
  50  6:00  Stalker  
  41  6:41  Phoenix x2  
  47  6:54  Probe x2 (Chrono Boost)  
  47  7:06  Probe x2 (Chrono Boost)  
  49  7:18  Probe x2 (Chrono Boost)  
  51  7:29  Stalker x2  
  57  7:30  Stalker x2, Probe x2 (Chrono Boost)  
  61  7:40  Fleet Beacon  
  61  7:42  Probe (Chrono Boost)  
  61  7:43  Probe (Chrono Boost)  
  63  7:52  Colossus  
  69  8:02  Pylon  
  69  8:05  Pylon  
  69  8:08  Pylon  
  69  8:10  Pylon  
  69  8:27  Nexus  
  69  8:34  Probe x2 (Chrono Boost)  
  71  8:38  Tempest  
  71  8:46  Probe x2 (Chrono Boost)  
  77  8:48  Warp Prism  
  79  8:59  Stalker  
  81  9:09  Colossus  
  87  9:15  Probe x2 (Chrono Boost)  
  89  9:21  Stalker  
  91  9:36  Stalker x3  
  97  9:51  Stalker x2  
  101  9:56  Tempest  
  101  9:57  Tempest  
  76  11:17  Tempest  
  76  11:21  Tempest  
  85  11:25  Probe (Chrono Boost)  
  85  11:31  Colossus x2  
  97  11:47  Pylon  
  97  11:51  Pylon  
  103  11:55  Assimilator  
  103  11:58  Assimilator  
  103  11:59  Twilight Council  
  103  12:00  Graviton Catapult  
  103  12:29  Stalker x5  
  113  12:36  Gateway  
  113  12:37  Gateway  
  113  12:40  Gateway  
  117  12:58  Nexus  
  117  13:02  Pylon  
  81  13:05  Pylon  
  81  13:10  Pylon  
Tags
 
Add a new tag
Caveats
  • Supply blocks, unpowered buildings, or Contaminate may cause inaccurate times.
  • Supply counts are checked every 10 seconds.